 Dungeon Crawl Stone Soup version 0.28.0-53-g5a82cb258f (webtiles) character file.

Game seed: 11877777163588846888

37 infcreate the Vexing (level 3, -14/20 HPs)
             Began as a Deep Elf Arcane Marksman on Aug 5, 2022.
             Killed by an exploding adder (33 damage)
             ... ignited by their inner flame
             ... on level 2 of the Dungeon.
             The game lasted 00:03:22 (1215 turns).

infcreate the Vexing (Deep Elf Arcane Marksman)     Turns: 1215, Time: 00:03:22

Health: -14/20     AC:  2    Str:  7    XL:     3   Next: 23%
Magic:  5/8        EV: 13    Int: 17    God:
Gold:   23         SH:  0    Dex: 17    Spells: 2/6 levels left

rFire   . . .      SeeInvis .   a - +0 shortbow
rCold   . . .      Faith    .   (shield currently unavailable)
rNeg    . . .      Spirit   .   d - +0 robe
rPois   .          Reflect  .   (no helmet)
rElec   .          Harm     .   (no cloak)
rCorr   .          Rampage  .   (no gloves)
Will    .....                   (no boots)
Stlth   ++........              (no amulet)
HPRegen 0.06/turn               (no ring)
MPRegen 0.11/turn               (no ring)

@: no status effects
A: no striking features
a: no special abilities


You were on level 2 of the Dungeon.
You visited 1 branch of the dungeon, and saw 2 of its levels.

You collected 23 gold pieces.


   Skills:
 - Level 0.7 Fighting
 + Level 3.2 Bows
 + Level 3.0 Dodging
 + Level 1.4 Stealth
 + Level 2.4 Spellcasting
 + Level 4.4 Hexes


You had 2 spell levels left.
You knew the following spells:

 Your Spells              Type           Power      Damage    Failure   Level
f - Inner Flame           Hex/Fire       9%         N/A       22%         3
s - Slow                  Hex            68%        N/A       3%          1

Your spell library contained the following spells:

 Spells                   Type           Power      Damage    Failure   Level
 Animate Skeleton         Necr           4%         N/A       19%         1
 Apportation              Tloc           4%         N/A       19%         1
 Summon Small Mammal      Summ           8%         N/A       19%         1
 Portal Projectile        Hex/Tloc       18%        N/A       22%         3
 Cause Fear               Hex            8%         N/A       30%         4

Inventory:

Hand Weapons
 a - a +0 shortbow (weapon)
Missiles
 c - 2 arrows (quivered ammo)
Armour
 d - a +0 robe (worn)
Scrolls
 f - a scroll of fear {unknown}
Potions
 b - a potion of berserk rage {unknown}
 e - a potion of mutation {unknown}
 g - 2 potions of heal wounds {unknown}

Dungeon Overview and Level Annotations

Branches:
Dungeon (2/15)

Altars:

# #. # #.#. .# .#
.#.###.#. ...
.(.(...
##.##...#.#
......§§#.#
#..§○§.#
#..§@..##.#.
##..........
#.....###+#+##
#...##.......#
#....#.......###.#
#....#...........#
#............#####
#...#..)...†.#
#....#........#


There were no monsters in sight!


Message History

Okay, then.
Unknown command.
Cast which spell? (? or * to list)
The spell is extremely dangerous to miscast (22% risk of failure)!
Continue anyway?
Aiming: Inner Flame (extremely dangerous; 22% risk of failure)
Press: ? - help, Dir - move target, f - adder
Aim: an adder (wandering, hasn't noticed you, chance to affect: 67%)
The adder is filled with an inner flame.
Unknown command.
Fire: 5 arrows
Press: ? - help, Q - select action, (/) - cycle Shift-Dir - straight line, f/p - adder
Aim: an adder (inner flame, 42% to hit)
You shoot an arrow. The arrow misses the adder.
Unknown command.
Fire: 4 arrows
Press: ? - help, Q - select action, (/) - cycle Shift-Dir - straight line, f/p - adder
Aim: an adder (inner flame, 42% to hit)
You shoot an arrow. The arrow barely misses the adder.
The adder bites you.
Unknown command.
Fire: 3 arrows
Press: ? - help, Q - select action, (/) - cycle Shift-Dir - straight line, f/p - adder
Aim: an adder (inner flame, 42% to hit)
You shoot an arrow. The arrow hits the adder.
Flame seeps out of the adder.
The adder is heavily wounded.
The adder is engulfed in blazing flames.
The adder explodes!
The fiery explosion engulfs you!!
Ouch! That really hurt!
You die...

Skill      XL: |  1  2  3 |
---------------+----------+-----
Bows           | 3 |  3.2
Stealth        | 1 |  1.4
Spellcasting   | 2 |  2.4
Dodging        | 3 |  3.0
Fighting       | |  0.7
Hexes          | |  4.4

Action                   || total
-------------------------++-------
 Fire: Shortbow          ||    92
 Cast: Inner Flame       ||     1
Dodge: Dodged            ||    21

Levels and vault maps discovered:
D:1:      mushboom_english_gardens, layout_loops_ring,
          chequers_ecumenical_altar_grove
D:2:      cheibrodos_fertilizer, layout_basic, serial_shops,
          nicolae_diamond_shop, minmay_hexomino_p4

Notes
Turn   | Place    | Note
-------+----------+-------------------------------------------
     0 | D:1      | infcreate the Deep Elf Arcane Marksman began the quest for
                  | the Orb.
     0 | D:1      | Reached XP level 1. HP: 11/11 MP: 5/5
   389 | D:1      | Reached skill level 3 in Bows
   389 | D:1      | Reached XP level 2. HP: 16/16 MP: 6/6
   460 | D:1      | Reached skill level 1 in Stealth
   460 | D:1      | Reached skill level 2 in Spellcasting
   760 | D:1      | Found a faded altar of an unknown god.
   873 | D:1      | Reached XP level 3. HP: 20/20 MP: 8/8
   995 | D:1      | Learned a level 3 spell: Inner Flame
  1181 | D:2      | Reached skill level 3 in Dodging
  1215 | D:2      | Killed by an exploding adder... ignited by their inner
                  | flame

Vanquished Creatures
  An adder (D:2)
  A dart slug (D:2)
  A bat (D:1)
  A giant cockroach (D:1)
  5 goblins
  3 hobgoblins (D:1)
  4 jackals (D:1)
  7 kobolds
  A quokka (D:1)
  4 ball pythons (D:1)
  3 frilled lizards (D:1)
  A rat (D:2)
32 creatures vanquished.

Table legend: (Time is in decaauts)
 A = Elapsed time spent in this place.
 B = Non-inter-level travel time spent in this place.
 C = Inter-level travel time spent in this place.
 D = Time resting spent in this place.
 E = Time spent auto-exploring this place.
 F = Levels seen in this place.
 G = Mean time per level.
                   A        B        C        D        E       F      G
               +--------+--------+--------+--------+--------+-----+--------+
         Total |   1228 |   1220 |      8 |      0 |   1001 |   2 |  614.0 |
       Dungeon |   1228 |   1220 |      8 |      0 |   1001 |   2 |  614.0 |
               +--------+--------+--------+--------+--------+-----+--------+

Top non-repeatable levels by time:
     D:1: 1079 daAuts
     D:2: 148 daAuts

Table legend:
 A = Non-vault XP
 B = Vault XP
 C = Vault XP percentage of total XP
 D = Non-vault monster count
 E = Vault monster count
 F = Vault count percentage of total count
                 A         B        C        D         E       F
            +---------+---------+-------+---------+---------+-------
      Total |      54 |      13 |  19.4 |      31 |       1 |   3.1
            +---------+---------+-------+---------+---------+-------
        D:1 |      45 |       0 |   0.0 |      27 |       0 |   0.0
        D:2 |       9 |      13 |  59.1 |       4 |       1 |  20.0
            +---------+---------+-------+---------+---------+-------
